 Dungeon Crawl Stone Soup version 0.30-a0-292-g0f741e3f8e (webtiles) character file.

Game seed: 14399814986576368941

455 themarg the Trooper (level 7, -2/66 HPs)
             Began as a Hill Orc Monk on Oct 18, 2022.
             Was an Elder of Nemelex Xobeh.
             Killed by divine providence
             ... invoked by an orc priest
              (15 damage)
             ... on level 5 of the Dungeon.
             The game lasted 00:10:49 (3887 turns).

themarg the Trooper (Hill Orc Monk)                 Turns: 3887, Time: 00:10:50

Health: -2/66      AC: 10    Str: 16    XL:     7   Next: 5%
Magic:  10/10      EV:  7    Int: 10    God:    Nemelex Xobeh [****..]
Gold:   337        SH:  0    Dex: 13    Spells: 6/6 levels left

rFire   . . .      SeeInvis .    a - +0 hand axe
rCold   . . .      Faith    .    (no shield)
rNeg    . . .      Spirit   .    n - +0 chain mail
rPois   .          Reflect  .    (no helmet)
rElec   .          Harm     .    s - +0 cloak
rCorr   .          Rampage  .    (no gloves)
Will    .....                    h - +0 pair of boots
Stlth   ..........               (no amulet)
HPRegen 0.31/turn                (no ring)
MPRegen 0.12/turn                (no ring)

@: no status effects
A: no striking features
a: Renounce Religion, Convert to Beogh, Draw Escape, Draw Destruction, Draw
Summoning, Triple Draw, Deal Four


You were on level 5 of the Dungeon.
You worshipped Nemelex Xobeh.
Nemelex Xobeh was greatly pleased with you.
You visited 1 branch of the dungeon, and saw 5 of its levels.

You collected 337 gold pieces.

Inventory:

Hand Weapons
 a - a +0 hand axe (weapon)
Missiles
 i - 3 boomerangs (quivered)
 m - 59 stones
 x - 5 poisoned darts
Armour
 h - a +0 pair of boots (worn)
 n - a +0 chain mail (worn)
 s - a +0 cloak (worn)
 w - a +0 tower shield
 z - the +1 ring mail of Joy {Harm Str+2}
   (You found it on level 4 of the Dungeon)

   Str:       It affects your strength (+2).
   Harm:      It increases damage dealt and taken.
Jewellery
 A - a ring of magical power
Scrolls
 b - a scroll of immolation {unknown}
 f - a scroll of butterflies {unknown}
 g - 4 scrolls of magic mapping
 l - a scroll of summoning {unknown}
 o - 2 scrolls of amnesia {unknown}
 p - 2 scrolls of identify {unknown}
 r - a scroll of noise {unknown}
 u - 2 scrolls of teleportation {unknown}
 y - a scroll of acquirement {unknown}
Potions
 c - 2 potions of ambrosia
 d - 2 potions of heal wounds {unknown}
 e - 3 potions of might {unknown}
 j - 3 potions of brilliance {unknown}
 k - a potion of berserk rage {unknown}
 q - 2 potions of attraction {unknown}
 t - a potion of curing {unknown}
 v - a potion of magic {unknown}
 B - a potion of flight {unknown}


   Skills:
 * Level 7.1 Fighting
 - Level 4.0 Axes
 - Level 3.0 Dodging
 - Level 3.0 Stealth
 + Level 4.3 Invocations


You had 6 spell levels left.
You didn't know any spells.
Your spell library contained the following spells:

 Spells                   Type           Power      Damage    Failure   Level
 Blink                    Tloc           0%         N/A       100%        2
 Momentum Strike          Conj/Tloc      0%         3d8       100%        2
 Inner Flame              Hex/Fire       0%         N/A       100%        3
 Lesser Beckoning         Tloc           0%         N/A       100%        3
 Cause Fear               Hex            0%         N/A       100%        4
 Discord                  Hex            0%         N/A       100%        8


Dungeon Overview and Level Annotations

Branches:
Dungeon (5/15)
 Temple: D:4-7

Altars:
Ashenzari
Cheibriados
Nemelex Xobeh
Ru
Sif Muna


Message History

The orc priest hits you but does no damage.
You barely miss the orc priest.
The orc priest is moderately wounded.
The orc priest mumbles some strange prayers to Beogh against you.
Pain shoots through your body!
The orc priest hits you but does no damage.
You closely miss the orc priest.
The orc priest is lightly wounded.
The orc priest hits you but does no damage.
You hit the orc priest.
The orc priest shouts, "Beogh is our master!
Accept the truth or die!"
The orc priest is heavily wounded.
The orc priest barely misses you.
You hit the orc priest.
The orc priest is severely wounded.
The orc priest threatens, "By the altar or by the axe, you will meet Beogh!"
The orc priest hits you but does no damage.
You barely miss the orc priest.
The orc priest is severely wounded.
The orc priest hits you with a +0 trident.
You closely miss the orc priest.
The orc priest is severely wounded.
The orc priest hits you with a +0 trident!
You hit the orc priest.
The orc priest is severely wounded.
The orc priest mumbles some strange prayers to Beogh against you.
Beogh smites you!
* * * LOW HITPOINT WARNING * * *
You draw a card...
You have drawn Wild Magic.
The orc priest is blasted with sand.
You feel a surge of magic.
The orc priest looks braver for a moment.
You draw a card...
You have drawn the Orb.
Press: ? - help, Shift-Dir - straight line, f/p - orc priest
Aim: an orc priest, wielding a +0 trident (severely wounded)
Your orb of destruction hits a rock wall. x2
The orc priest mumbles some strange prayers to Beogh against you.
Beogh smites you!
You die...
Your body glows slightly and disappears.

### #.### ##..# # #
##.## .###. ###..##
..#. ##..#..# #..#
###..###.## #..# #..###
#..## #o*# ...# ##..#
#@*# ...# ##..#####*)#
...# ##.....##...###..
...####................
....#....###...........
.......### #....####..#
......## #....# ....
.....## #....# ...
#...#### #...## .#


You could see an orc priest (ally target).

Vanquished Creatures
  Sigmund (D:5)
  2 hounds
  An orc priest (D:5)
  Crazy Yiuf (D:2)
  An iguana (D:4)
  An orc wizard (D:4)
  3 adders
  An ufetubus (D:4)
  2 dart slugs
  12 orcs
  13 ball pythons
  9 bats
  8 endoplasms
  4 giant cockroaches (D:2)
  8 goblins
  2 hobgoblins
  A quokka (D:2)
  2 frilled lizards (D:2)
  5 kobolds
  5 rats (D:1)
82 creatures vanquished.

Notes
Turn   | Place    | Note
-------+----------+-------------------------------------------
     0 | D:1      | themarg the Hill Orc Monk began the quest for the Orb.
     0 | D:1      | Reached XP level 1. HP: 19/19 MP: 1/1
   198 | D:1      | Reached XP level 2. HP: 27/27 MP: 2/2
   296 | D:1      | Found a faded altar of an unknown god.
   349 | D:1      | Prayed at the altar of an unknown god.
   349 | D:1      | Became a worshipper of Nemelex Xobeh the Trickster
   349 | D:1      | Reached * piety under Nemelex Xobeh
   349 | D:1      | Received a gift from Nemelex Xobeh
   349 | D:1      | Reached ** piety under Nemelex Xobeh
   349 | D:1      | Received a gift from Nemelex Xobeh
   670 | D:1      | Reached skill level 4 in Fighting
   693 | D:1      | Reached *** piety under Nemelex Xobeh
   693 | D:1      | Received a gift from Nemelex Xobeh
   936 | D:2      | Reached XP level 3. HP: 31/33 MP: 3/3
   938 | D:2      | Reached skill level 1 in Invocations
  1430 | D:2      | Received a gift from Nemelex Xobeh
  1441 | D:2      | Reached XP level 4. HP: 41/41 MP: 5/5
  1592 | D:2      | Found a runed translucent door.
  1593 | D:2      | Noticed Crazy Yiuf
  1599 | D:2      | Killed Crazy Yiuf
  1802 | D:3      | Found a broken altar of Ashenzari.
  1972 | D:3      | Received a gift from Nemelex Xobeh
  1995 | D:3      | Reached **** piety under Nemelex Xobeh
  2036 | D:3      | Reached skill level 5 in Fighting
  2157 | D:3      | Reached XP level 5. HP: 46/48 MP: 6/6
  2591 | D:4      | Received a gift from Nemelex Xobeh
  3042 | D:4      | Found a sacrificial altar of Ru.
  3172 | D:4      | Reached XP level 6. HP: 53/57 MP: 8/8
  3401 | D:4      | Identified the +1 ring mail of Joy {Harm Str+2}
  3474 | D:4      | Found a shimmering blue altar of Sif Muna.
  3502 | D:5      | Entered Level 5 of the Dungeon
  3544 | D:5      | Reached skill level 6 in Fighting
  3602 | D:5      | Received a gift from Nemelex Xobeh
  3623 | D:5      | Noticed Sigmund
  3625 | D:5      | Killed Sigmund
  3674 | D:5      | Found a snail-covered altar of Cheibriados.
  3860 | D:5      | Received a gift from Nemelex Xobeh
  3874 | D:5      | Reached skill level 7 in Fighting
  3874 | D:5      | Reached XP level 7. HP: 38/66 MP: 10/10
  3887 | D:5      | Killed from afar by an orc priest

Illustrated notes

Levels and vault maps discovered:
D:1:      tarquinn_simple_flora_water_a, layout_loops_corners,
          dilly_ecumenical_altar_fadedgnrine, hex_large
D:2:      minmay_spotlight, layout_rooms, serial_curves, eino_curves_02,
          eino_curves_04, eino_curves_03, eino_curves_01,
          uniq_crazy_yiuf_cottage
D:3:      layout_basic, ashenzari_conservatory_becter, minmay_tree_intersection,
          item_on_display_a
D:4:      layout_loops_ring, nicolae_ru_sacrificial_ziggurat, led_sif_pool,
          eino_tiny_chamber
D:5:      layout_layer_cave, vehumet_crystals, cheibriados_altar_1,
          uniq_sigmund, uniq_blork_the_orc

Skill      XL: |  1  2  3  4  5  6 |
---------------+-------------------+-----
Fighting       | 4 5 7 |  7.1
Stealth        | 2 3 |  3.0
Invocations    | 1 2 3 4 |  4.3
Dodging        | 3 |  3.0
Axes           | |  4.0

Action                   |  1- 3 |  4- 6 |  7- 9 || total
-------------------------+-------+-------+-------++-------
Melee: Hand axe          |   114 |   181 |    11 ||   306
       Punch             |       |     1 |       ||     1
Invok: Draw Destruction  |       |     7 |     2 ||     9
  Use: Scroll            |       |     1 |       ||     1
Armor: Ring mail         |    27 |       |       ||    27
       Chain mail        |    35 |   112 |     6 ||   153
Dodge: Dodged            |    75 |    66 |     3 ||   144

Table legend: (Time is in decaauts)
 A = Elapsed time spent in this place.
 B = Non-inter-level travel time spent in this place.
 C = Inter-level travel time spent in this place.
 D = Time resting spent in this place.
 E = Time spent auto-exploring this place.
 F = Levels seen in this place.
 G = Mean time per level.
                   A        B        C        D        E       F      G
               +--------+--------+--------+--------+--------+-----+--------+
         Total |   3917 |   3809 |    108 |      0 |   3119 |   5 |  783.4 |
       Dungeon |   3917 |   3809 |    108 |      0 |   3119 |   5 |  783.4 |
               +--------+--------+--------+--------+--------+-----+--------+

Top non-repeatable levels by time:
     D:4: 969 daAuts
     D:1: 900 daAuts
     D:2: 896 daAuts
     D:3: 762 daAuts
     D:5: 387 daAuts
